 Dungeon Crawl Stone Soup version 0.26.1-11-gd32895ea62 (webtiles) character file.

Game seed: 148554626090869435

32 Descartes the Ducker (level 3, 0/17 HPs)
             Began as a Felid Chaos Knight on May 29, 2021.
             Was a Plaything of Xom.
             Killed from afar by Natasha (5 damage)
             ... with a magic dart
             ... on level 2 of the Dungeon.
             The game lasted 00:03:49 (1404 turns).

Descartes the Ducker (Felid Chaos Knight)           Turns: 1404, Time: 00:03:50

Health: 0/17       AC:  1    Str:  9    XL:     3   Next: 10%
Magic:  4/4        EV: 19    Int: 13    God:    Xom [.*....]
Gold:   67         SH:  0    Dex: 15    Spells: 2/2 levels left
                                        Lives:  0   Deaths: 0

rFire    . . .     SeeInvis +     - Unarmed
rCold    . . .     Faith    .   (shield unavailable)
rNeg     . . .     Spirit   .   (armour unavailable)
rPois    .         Reflect  .   (helmet unavailable)
rElec    .         Harm     .   (cloak unavailable)
rCorr    .         Rampage  .   (gloves unavailable)
Will     .....                  (boots unavailable)
Stlth    +.........             (no amulet)
HPRegen  0.05/turn              a - ring of attention (curse)
MPRegen  0.09/turn              (no ring)

@: quick
A: very small, no armour, no weapons or thrown items, stealth, claws 1, fangs 3,
see invisible, speed 1, shaggy fur 1, sharp paws
a: Renounce Religion


You were on level 2 of the Dungeon.
You worshipped Xom.
You were a plaything of Xom.
You visited 1 branch of the dungeon, and saw 2 of its levels.

You collected 67 gold pieces.

Inventory:

Jewellery
 a - a cursed ring of attention (left paw)
Scrolls
 c - a scroll of noise {unknown}
 f - a scroll of enchant weapon {unknown}
 g - a scroll of teleportation {unknown}
Potions
 b - a potion of haste
 d - a potion of ambrosia {unknown}
 e - a potion of mutation {unknown}


   Skills:
 - Level 3.0 Fighting
 + Level 4.0 Dodging
 + Level 2.1 Stealth
 + Level 3.4 Unarmed Combat


You had 2 spell levels left.
You didn't know any spells.
Your spell library was empty.

Dungeon Overview and Level Annotations

Branches:
Dungeon (2/15)

Altars:

Annotations:
D:2 Natasha


Innate Abilities, Weirdness & Mutations

You cannot wear armour.
You are incapable of wielding weapons or throwing items.
Your paws allow you to move quietly. (Stealth)
You have sharp claws.
You have razor-sharp teeth.
You have supernaturally acute eyesight. (SInv)
You cover ground quickly.
You are covered in fur. (AC +1)
Your sharp claws are effective at attacking unaware monsters.


Message History

Found 25 stones and a shiny sapphire ring.
There is an open door here.
The frilled lizard hisses angrily.
Natasha casts a spell at you. The magic dart hits you!
Found 10 gold pieces.
There is an open door here.
Natasha is nearby!
Natasha drinks a potion.
Natasha seems to speed up.
Natasha casts a spell at you. You resist with some effort.
You hear a zap.
You hear a grinding noise.
Natasha stares at you and mumbles some strange words.
The magic dart hits you.
* * * LOW HITPOINT WARNING * * *
You emit a cloud of colourful smoke!
Natasha casts a spell at you. The magic dart hits you.
You die...
Xom snickers!

......... ........#
........# #......#
#......# #......#
###########......#######
...........>....@.§§...#
############......§§.#l##
#.........#..#
####......##.#
#######h#.## ....##..l#
.....$#.'## ....(.....#
..........#


You could see Natasha (fast) and a frilled lizard.

Vanquished Creatures
  A dart slug (D:1)
  A leopard gecko (D:1)
  3 bats (D:1)
  A giant cockroach (D:1)
  2 goblins (D:1)
  4 hobgoblins (D:1)
  7 jackals (D:1)
  A ball python (D:1)
  2 frilled lizards (D:1)
  2 kobolds (D:1)
  A rat (D:1)
25 creatures vanquished.

Notes
Turn   | Place    | Note
-------+----------+-------------------------------------------
     0 | D:1      | Descartes the Felid Chaos Knight began the quest for the
                  | Orb.
     0 | D:1      | Reached XP level 1. HP: 10/10 MP: 2/2
   105 | D:1      | Reached skill level 1 in Stealth
   205 | D:1      | Reached XP level 2. HP: 14/14 MP: 3/3
   220 | D:1      | XOM: silly message
   222 | D:1      | XOM: divination: detect creatures
   236 | D:1      | XOM: butterfly on damage
   727 | D:1      | XOM: 4-stop teleportation journey
  1216 | D:1      | Reached XP level 3. HP: 17/17 MP: 4/4
  1229 | D:1      | XOM: enchant monster (bad)
  1237 | D:1      | Reached skill level 4 in Dodging
  1390 | D:2      | Noticed Natasha
  1402 | D:2      | XOM: smoke on damage
  1404 | D:2      | Killed from afar by Natasha

Illustrated notes

Levels and vault maps discovered:
D:1:      dpeg_arrival_renting, layout_basic
D:2:      layout_basic, uniq_jessica, uniq_natasha

Skill      XL: |  1  2  3 |
---------------+----------+-----
Stealth        | 1 2 |  2.1
Dodging        | 4 |  4.0
Fighting       | |  3.0
Unarmed Combat | |  3.4

Action                   || total
-------------------------++-------
Melee: Unarmed           ||    96
       Bite              ||     7
       Punch             ||     1
 Stab: Sleeping          ||     1
Armor: Skin              ||     4
Dodge: Dodged            ||    70
